 Dungeon Crawl Stone Soup version 0.26.1-2-gb8aa6d0cf2 (webtiles) character file.

Game seed: 11092853015590310970

4239 Gadfly the Cudgeller (level 10, -3/147 HPs)
             Began as a Troll Artificer on Feb 24, 2021.
             Was an Initiate of Gozag.
             Slain by a queen bee (4 damage)
             ... on level 9 of the Dungeon.
             The game lasted 00:19:47 (9671 turns).

Gadfly the Cudgeller (Troll Artificer)              Turns: 9671, Time: 00:19:48

Health: -3/147     AC: 25    Str: 24    XL:     10   Next: 9%
Magic:  2/9        EV:  1    Int:  7    God:    Gozag
Gold:   726        SH:  0    Dex: 11    Spells: 9/9 levels left

rFire    . . .     SeeInvis .   b - +4 quarterstaff (chaos)
rCold    . . .     Faith    .   (shield currently unavailable)
rNeg     + + +     Spirit   .   (armour currently unavailable)
rPois    +         Reflect  .   (helmet currently unavailable)
rElec    .         Harm     .   (cloak currently unavailable)
rCorr    .         Rampage  .   (gloves unavailable)
Will     .....     NoTele   +   (boots unavailable)
Stlth    +.........             (no amulet)
HPRegen  0.74/turn              l - ring of positive energy
MPRegen  0.11/turn              p - +4 ring of evasion

@: lethally poisoned (-3 -> -11), tree-form, gold aura
A: large, unfitting armour, regeneration 1
a: Renounce Religion, Potion Petition, Call Merchant, Bribe Branch


You were on level 9 of the Dungeon.
You worshipped Gozag.
Gozag was pleased with you.
You were a tree.
You visited 2 branches of the dungeon, and saw 10 of its levels.

You collected 1428 gold pieces.
You spent 133 gold pieces at shops.
You paid 569 gold pieces to Gozag.

Inventory:

Hand Weapons
 a - a +0 flail of protection
 b - a +4 quarterstaff of chaos (weapon)
Armour
 s - a +0 cloak (melded)
 x - a +1 robe of resistance (melded)
Jewellery
 l - a ring of positive energy (left branch)
 m - an uncursed ring of fire
 p - a +4 ring of evasion (right branch)
 w - an uncursed ring of protection from cold
Wands
 c - a wand of flame (35) (quivered)
 d - a wand of enslavement (15)
 e - a wand of random effects (1)
 o - a wand of digging (8)
 A - a wand of polymorph (6)
Scrolls
 g - 7 scrolls of remove curse
 j - a scroll of identify
 n - 2 scrolls of magic mapping
 t - 3 scrolls of teleportation
 y - a scroll of enchant weapon
 z - a scroll of fear
Potions
 f - 2 potions of resistance
 i - 5 potions of haste
 k - 2 potions of flight
 q - a potion of might
 r - a potion of berserk rage
 u - a potion of attraction
 v - a potion of mutation


   Skills:
 + Level 5.7 Fighting
 * Level 7.3 Maces & Flails
 * Level 5.9 Armour
 - Level 1.9 Dodging
 - Level 0.3 Stealth
 * Level 5.8 Evocations


You had 9 spell levels left.
You didn't know any spells.
Your spell library was empty.

Dungeon Overview and Level Annotations

Branches:
Dungeon (9/15)             Temple (1/1) D:4
   Lair: D:8-11         Orc: D:9-12

Altars:
Ashenzari
Cheibriados
Elyvilon
Gozag
Makhleb
Okawaru
Qazlal
Sif Muna
Trog
Uskayaw
Vehumet
Wu Jian
Xom
The Shining One

Shops:
D:6 [


Innate Abilities, Weirdness & Mutations

You are too large for most types of armour.
((You have claws for hands.))
Your natural rate of healing is unusually fast.
((You are covered in fur. (AC +1)))
((You have extremely tough skin. (AC +3)))
((You are partially covered in molten scales. (AC +2)))
((Your flesh is cold resistant. (rC+)))


Message History

The queen bee is lightly wounded.
You feel sick. The queen bee stings you!
* * * LOW HITPOINT WARNING * * *
You are lethally poisoned!
The queen bee poisons you! The queen bee barely misses you.
You closely miss the queen bee.
The queen bee is lightly wounded.
* * * LOW HITPOINT WARNING * * *
You feel very sick. The queen bee stings you!
* * * LOW HITPOINT WARNING * * *
Okay, then.
Really quaff the potion of lignification?
You turn into a tree.
Your +0 cloak melds into your body.
Your +1 robe of resistance melds into your body.
You feel hot and cold all over.
Your roots penetrate the ground.
* * * LOW HITPOINT WARNING * * *
You feel sick. The queen bee stings you.
You die...
Your body crumbles into a pile of gold.

#........#
#........#
#........#
#........#
#........#
#..>.....#
####
##.#######
..# #y# #.#
#♣# #.##
#.#######.#
##..#
#.#.......#
....##
#.#.#######
.....# #.#.#
...#.###.#.#
####..##.#.#
##.##.#.#
#####.##.#.#


You could see a queen bee (agile).

Vanquished Creatures
  An ugly thing (D:8)
  A troll (D:9)
  2 hornets
  A wyvern (D:7)
  Menkaure (D:7)
  2 water moccasins
  An ice beast (D:8)
  2 orc warriors
  2 sky beasts
  4 ogres
  A phantom (D:3)
  2 centaurs
  A big kobold (D:8)
  2 bullfrogs (D:7)
  A scorpion (D:6)
  A lava snake (D:8)
  A centaur zombie (D:8)
  2 jellies (D:6)
  5 hounds
  Crazy Yiuf (D:7)
  2 bullfrog skeletons
  10 orc priests
  5 orc wizards
  2 iguanas
  7 worker ants
  A hound zombie (D:6)
  A hound skeleton (D:5)
  A worker ant zombie (D:6)
  10 gnolls
  12 adders
  2 howler monkey skeletons
  2 river rats (D:4)
  A shadow imp (D:6)
  A white imp (D:5)
  2 ufetubi (D:7)
  2 adder zombies
  3 adder skeletons
  5 worms
  A dart slug (D:3)
  2 leopard geckos
  25 orcs
  8 giant cockroaches
  8 goblins
  11 hobgoblins
  13 jackals
  3 quokkas
  2 ball pythons
  2 bats
  3 frilled lizards
  A jackal skeleton (D:4)
  A jackal zombie (D:6)
  12 kobolds
  A quokka skeleton (D:5)
  6 rats
202 creatures vanquished.

Notes
Turn   | Place    | Note
-------+----------+-------------------------------------------
     0 | D:1      | Gadfly the Troll Artificer began the quest for the Orb.
     0 | D:1      | Reached XP level 1. HP: 18/18 MP: 0/0
   167 | D:1      | Reached skill level 1 in Fighting
   173 | D:1      | Reached XP level 2. HP: 10/27 MP: 1/1
   231 | D:1      | Reached skill level 1 in Maces & Flails
   231 | D:1      | Reached skill level 1 in Armour
   232 | D:1      | Reached XP level 3. HP: 10/33 MP: 2/2
   887 | D:2      | Found a radiant altar of Vehumet.
  1065 | D:2      | Reached skill level 2 in Maces & Flails
  1065 | D:2      | Reached XP level 4. HP: 35/41 MP: 3/3
  1218 | D:2      | Found a faded altar of an unknown god.
  1716 | D:3      | Noticed a phantom
  1998 | D:3      | Reached XP level 5. HP: 43/49 MP: 4/4
  2337 | D:3      | Killed a phantom
  2338 | D:3      | Reached skill level 3 in Maces & Flails
  2476 | D:3      | Reached XP level 6. HP: 57/57 MP: 5/5
  3005 | D:4      | Found a staircase to the Ecumenical Temple.
  3022 | Temple   | Entered the Ecumenical Temple
  3042 | Temple   | Became a worshipper of Gozag Ym Sagoz the Greedy
  3246 | D:4      | Noticed a hornet
  3248 | D:4      | Paralysed by a hornet for 3 turns
  3266 | D:4      | Paralysed by a hornet for 2 turns
  3281 | D:4      | Killed a hornet
  3282 | D:4      | Reached skill level 4 in Maces & Flails
  3282 | D:4      | Reached XP level 7. HP: 8/67 MP: 6/6
  4278 | D:5      | Entered Level 5 of the Dungeon
  4525 | D:5      | Reached XP level 8. HP: 29/78 MP: 7/7
  4884 | D:5      | Found a snail-covered altar of Cheibriados.
  4884 | D:5      | Found an iron altar of Okawaru.
  4885 | D:5      | Found a bloodstained altar of Trog.
  4927 | D:5      | Reached skill level 5 in Maces & Flails
  5119 | D:5      | Found a radiant altar of Vehumet.
  5327 | D:5      | Gained mutation: You are agile. (Dex +2) [potion of
                  | mutation]
  5327 | D:5      | Gained mutation: You have a somewhat thin skeletal
                  | structure. (Dex +2, Stealth) [potion of mutation]
  5625 | D:6      | HP: 3/79 [poisoned by a water moccasin]
  5630 | D:6      | HP: 1/79 [poisoned by a water moccasin]
  5636 | D:6      | HP: 1/79 [poisoned by a water moccasin]
  5643 | D:6      | HP: 3/79 [poisoned by a water moccasin]
  6625 | D:6      | Found the +3 sling "Punk" {acid, rCorr}
  6887 | D:7      | Reached XP level 9. HP: 55/87 MP: 8/8
  6895 | D:7      | Reached skill level 5 in Fighting
  7159 | D:7      | Reached skill level 6 in Maces & Flails
  7181 | D:7      | HP: 2/88 [orc warrior/+0 mace (15)]
  7495 | D:7      | Reached skill level 5 in Evocations
  7977 | D:7      | Found a shimmering altar of Xom.
  8005 | D:7      | Noticed Menkaure
  8016 | D:7      | Killed Menkaure
  8017 | D:7      | Reached skill level 5 in Armour
  8314 | D:7      | Found a runed translucent door.
  8315 | D:7      | Noticed Crazy Yiuf
  8428 | D:7      | Killed Crazy Yiuf
  8512 | D:6      | Bought a runed robe for 133 gold pieces
  8860 | D:8      | Noticed a purple ugly thing
  9043 | D:8      | Killed a purple ugly thing
  9044 | D:8      | Reached skill level 7 in Maces & Flails
  9390 | D:9      | Paralysed by a hornet for 3 turns
  9394 | D:9      | Reached XP level 10. HP: 83/98 MP: 9/9
  9640 | D:9      | Lost mutation: You have a somewhat thin skeletal structure.
                  | (Dex +2, Stealth) [potion of mutation]
  9640 | D:9      | Lost mutation: You are agile. (Dex +2) [potion of mutation]
  9640 | D:9      | Gained mutation: Your flesh is cold resistant. (rC+)
                  | [potion of mutation]
  9640 | D:9      | Gained mutation: You are partially covered in molten
                  | scales. (AC +2) [potion of mutation]
  9670 | D:9      | HP: 2/98 [queen bee (8)]
  9671 | D:9      | Slain by a queen bee

Illustrated notes

Levels and vault maps discovered:
D:1:      amcnicky_arrival_blooded_trapdoor, layout_loops_ring, minmay_tripent
D:2:      layout_loops_cross, lemuel_coloured_pillars_altar,
          chequers_ecumenical_altar_island
D:3:      layout_rooms, minmay_misc_feat_x
D:4:      layout_basic, temple_green, gup_sewer_entry_bubbles, wad_orctagon
D:5:      layout_basic, gammafunk_temple_overflow_claw, vehumet_altar_wand_db
D:6:      cheibrodos_barr_body, layout_basic
D:7:      layout_basic, brannock_xom_greatest_gift, uniq_crazy_yiuf_cottage,
          uniq_menkaure
D:8:      layout_rooms, kennysheep_generic_room_16
D:9:      layout_basic, uniq_pikel
Temple:   eino_narrow_crystal_temple

Skill      XL: |  1  2  3  4  5  6  7  8  9 |
---------------+----------------------------+-----
Fighting       | 1 2 3 4 5 |  5.7
Maces & Flails | 1 2 3 4 5 7 |  7.3
Armour         | 1 2 3 4 5 |  5.9
Evocations     | 3 4 5 |  5.8
Dodging        | |  1.9
Stealth        | |  0.3

Action                   |  1- 3 |  4- 6 |  7- 9 | 10-12 || total
-------------------------+-------+-------+-------+-------++-------
Melee: Club              |    45 |       |       |       ||    45
       Whip              |    70 |    55 |       |       ||   125
       Flail             |       |   220 |   496 |       ||   716
       Quarterstaff      |       |       |    75 |    24 ||    99
Invok: Call Merchant     |       |       |     1 |       ||     1
Evoke: Wand              |     4 |    12 |     3 |       ||    19
  Use: Scroll            |     4 |     5 |    13 |       ||    22
       Potion            |       |     4 |     6 |     2 ||    12
 Stab: Sleeping          |       |     1 |     7 |       ||     8
       Distracted        |       |       |     2 |       ||     2
       Confused          |       |       |     1 |       ||     1
       Paralysed         |       |       |     1 |       ||     1
Armor: Robe              |    47 |   145 |   209 |     7 ||   408
       Skin              |       |    24 |       |       ||    24
Dodge: Dodged            |    67 |   159 |   349 |    12 ||   587
